 Dungeon Crawl Stone Soup version 0.24-a0-179-g7a2c91a (webtiles) character file.

Game seed: 287237037876455186

8 Ijustatesigmund the Conjurer (level 2, 0/18 HPs)
             Began as an Octopode Conjurer on Mar 13, 2019.
             Slain by a goblin (3 damage)
             ... on level 1 of the Dungeon.
             The game lasted 00:01:01 (156 turns).

Ijustatesigmund the Conjurer (Octopode Conjurer)     Turns: 156, Time: 00:01:01

Health: 0/18       AC:  1    Str:  7    XL:     2   Next: 8%
Magic:  1/5        EV: 13    Int: 17    God:
Gold:   15         SH:  0    Dex: 12    Spells: 4/5 levels left

rFire    . . .     SeeInvis .   d - +1 club
rCold    . . .     Gourm    .   (no shield)
rNeg     . . .     Faith    .   (helmet restricted)
rPois    .         Spirit   .   (no amulet)
rElec    .         Reflect  .   (no ring)
rCorr    .         Harm     .   (no ring)
MR       .....                  (no ring)
Stlth    +++.......             (no ring)
HPRegen  0.06/turn              (no ring)
MPRegen  0.09/turn              (no ring)
                                (no ring)
                                (no ring)

@: no status effects
A: almost no armour, stealthy swim, amphibious, 8 rings, constrict 8, camouflage
1, gelatinous body 1
a: no special abilities


You were on level 1 of the Dungeon.
You were not hungry.

You visited 1 branch of the dungeon, and saw 1 of its levels.

You collected 15 gold pieces.

Inventory:

Hand Weapons
 d - a +1 club (weapon)
Comestibles
 b - a ration


   Skills:
 + Level 1.0 Fighting
 + Level 2.4 Dodging
 - Level 2.6 Stealth
 - Level 2.0 Spellcasting
 - Level 4.0 Conjurations


You had 4 spell levels left.
You knew the following spells:

 Your Spells              Type           Power        Failure   Level  Hunger
a - Magic Dart            Conj           ###.         3%          1    #......

Your spell library contained the following spells:

 Spells                   Type           Power        Failure   Level  Hunger
 Searing Ray              Conj           ###...       5%          2    ###....
 Dazzling Spray           Conj/Hex       #.....       26%         3    ###....
 Iskenderun's Mystic Bla  Conj           ###.....     36%         4    #####..
 Force Lance              Conj/Tloc      #.......     63%         4    #####..
 Fulminant Prism          Conj/Hex       #.........   63%         4    #####..


Dungeon Overview and Level Annotations

Branches:
Dungeon (1/15)

Altars:


Innate Abilities, Weirdness & Mutations

You cannot wear most types of armour.
You are very stealthy in the water. (Stealth+)
You are amphibious.
You can wear up to eight rings at the same time.
You can use your tentacles to constrict eight enemies at once.
Your skin changes colour to match your surroundings (Stealth+).
Your rubbery body absorbs attacks. (AC +1, EV +1)


Message History

You constrict the bat.
You kill the bat!
Your Fighting skill increases to level 1!
You have reached level 2!
The bat barely misses you. The bat misses you.
You hit the bat. Your grab misses the bat.
The bat is moderately wounded.
The bat misses you.
You completely miss the bat. You grab the bat. You squeeze the bat.
The bat is moderately wounded.
You constrict the bat. The bat closely misses you.
You hit the bat but do no damage.
The bat is heavily wounded.
You constrict the bat.
You kill the bat!
You closely miss the goblin. You grab the goblin.
You constrict the goblin, but do no damage.
The goblin hits you.
You die...

# #.. !# #.#########.###.#
#.#..@gg†........ ##
#.#.#####.....#. .#
#.#...........# .#
#.#.#####........
.###########.#...# ##...#.#.
..†.........(..#.#####.....#
#########.##.###............
#.##.# #..####.##..# #.##.#
#..####.#.†..


You could see a hobgoblin and a goblin.

Vanquished Creatures
  3 bats (D:1)
  A giant cockroach (D:1)
  A goblin (D:1)
  A kobold (D:1)
6 creatures vanquished.

Notes
Turn   | Place    | Note
-------+----------+-------------------------------------------
     0 | D:1      | Ijustatesigmund the Octopode Conjurer began the quest for
                  | the Orb.
     0 | D:1      | Reached XP level 1. HP: 11/11 MP: 3/3
   151 | D:1      | Reached skill level 1 in Fighting
   151 | D:1      | Reached XP level 2. HP: 3/18 MP: 0/5
   156 | D:1      | Slain by a goblin

Levels and vault maps discovered:
D:1:      psy_arrival_conway, layout_loops_ring

Skill      XL: |  1 |
---------------+----+-----
Fighting       | 1 |  1.0
Dodging        | |  2.4
Stealth        | |  2.6
Spellcasting   | |  2.0
Conjurations   | |  4.0

Action                   || total
-------------------------++-------
Melee: Club              ||    12
       Constrict         ||     4
       Tentacles         ||     2
 Cast: Magic Dart        ||     7
  Use: Scroll            ||     2
Armor: Skin              ||     5
Dodge: Dodged            ||    21

Table legend:
 A = Non-vault XP
 B = Vault XP
 C = Vault XP percentage of total XP
 D = Non-vault monster count
 E = Vault monster count
 F = Vault count percentage of total count
                 A         B        C        D         E       F
            +---------+---------+-------+---------+---------+-------
      Total |      12 |       0 |   0.0 |       6 |       0 |   0.0
            +---------+---------+-------+---------+---------+-------
        D:1 |      12 |       0 |   0.0 |       6 |       0 |   0.0
            +---------+---------+-------+---------+---------+-------
